 Dungeon Crawl Stone Soup version 0.30-a0-883-g5ad918d77d (webtiles) character file.

Game seed: 2418559762055982228

11207 IdlyInterested the Nimble (level 11, -10/77 HPs)
             Began as a Demonspawn Gladiator on Mar 15, 2023.
             Killed by the air
             ... invoked by Gastronok
              (30 damage)
             ... on level 11 of the Dungeon.
             The game lasted 00:40:55 (11465 turns).

IdlyInterested the Nimble (Demonspawn Gladiator)   Turns: 11465, Time: 00:40:55

Health: -10/77     AC:  9    Str: 14    XL:     11   Next: 46%
Magic:  17/17      EV: 20    Int: 11    God:
Gold:   327        SH:  0    Dex: 23    Spells: 18/18 levels left

rFire   + + .      SeeInvis .    M - +0 scimitar
rCold   . . .      Faith    .    (no shield)
rNeg    + . .      Spirit   .    s - +1 ring mail "Setew" {Dex+5}
rPois   .          Reflect  .    c - +0 helmet
rElec   .          Rampage  .    (cloak unavailable)
rCorr   .                        (no gloves)
Will    .....                    C - +1 pair of boots
Stlth   ++++                     (no amulet)
HPRegen 0.32/turn                S - ring of positive energy
MPRegen 0.15/turn                (no ring)

@: hasted, studying Short Blades, invisible, very quick
A: spiny 2, big brain 1, demonic magic 2, weakness stinger 3, clumsy 1, fire
resistance 2
a: no special abilities


You were on level 11 of the Dungeon.
You visited 2 branches of the dungeon, and saw 12 of its levels.

You collected 600 gold pieces.
You spent 273 gold pieces at shops.

Inventory:

Hand Weapons
 h - a +1 dagger of venom
 j - a +2 vampiric dagger
 v - the +4 quarterstaff of Fuifris {protect, rPois rN+ Dex+3 Stlth+}
   (You found it on level 3 of the Dungeon)

   Dex:       It affects your dexterity (+3).
   rPois:     It protects you from poison.
   rN:        It protects you from negative energy.
   Stlth:     It makes you more stealthy.
 I - a +0 dagger of draining
 M - a +0 scimitar (weapon)
 O - a +0 scimitar
 U - a +3 dagger
Missiles
 d - 5 throwing nets
 e - a javelin
 f - 68 stones (quivered)
 m - 11 boomerangs
 E - 15 poisoned darts
Armour
 a - a +0 robe of positive energy
 c - a +0 helmet (worn)
 s - the +1 ring mail "Setew" (worn) {Dex+5}
   (You found it on level 2 of the Dungeon)

   Dex:       It affects your dexterity (+5).
 x - a +2 scale mail of cold resistance
 C - a +1 pair of boots (worn)
 L - a +2 leather armour of poison resistance
 T - a +2 plate armour of fire resistance
Magical Staves
 b - a staff of fire
 n - a staff of conjuration
 r - a staff of cold
Jewellery
 R - a ring of fire
 S - a ring of positive energy (left hand)
Wands
 J - a wand of light (12)
 K - a wand of flame (10)
 Q - a wand of digging (5)
 W - a wand of paralysis (8)
Scrolls
 g - 4 scrolls of enchant armour
 p - a scroll of teleportation
 w - a scroll of fog
 y - a scroll of fear
 B - a scroll of enchant weapon
 F - 2 scrolls of silence
 G - 2 scrolls of identify
 V - a scroll of butterflies
Potions
 i - a potion of ambrosia
 k - 4 potions of curing
 l - a potion of invisibility
 o - a potion of magic
 q - a potion of attraction
 u - a potion of mutation
 z - a potion of resistance
 A - a potion of cancellation
 H - a potion of brilliance
 P - a potion of lignification
Miscellaneous
 N - a box of beasts


   Skills:
 - Level 4.0 Fighting
 - Level 9.1(10.0) Short Blades
 - Level 6.0(8.4) Long Blades
 - Level 2.0 Throwing
 - Level 2.0 Armour
 - Level 13.6 Dodging
 + Level 8.9 Stealth
 - Level 4.0 Spellcasting
 * Level 2.1 Evocations


You had 18 spell levels left.
You didn't know any spells.
Your spell library contained the following spells:

 Spells                   Type           Power      Damage    Failure   Level
 Magic Dart               Conj           8%         1d3       43%         1
 Summon Small Mammal      Summ           8%         N/A       43%         1
 Call Imp                 Summ           2%         N/A       56%         2
 Call Canine Familiar     Summ           2%         N/A       80%         3
 Mephitic Cloud           Conj/Pois/Air  2%         N/A       80%         3
 Summon Guardian Golem    Hex/Summ       2%         N/A       80%         3
 Anguish                  Hex/Necr       1%         N/A       99%         4
 Passage of Golubria      Tloc           2%         N/A       99%         4
 Silence                  Hex/Air        1%         N/A       100%        5
 Enfeeble                 Hex            1%         N/A       100%        7
 Lehudib's Crystal Spear  Conj/Erth      1%         10d2      100%        8


Dungeon Overview and Level Annotations

Branches:
Dungeon (11/15)            Temple (1/1) D:6            Lair (0/5) D:11
    Orc: D:9-12

Altars:
Ashenzari
Cheibriados
Dithmenos
Fedhas
Gozag
Hepliaklqana
Kikubaaqudgha
Makhleb
Nemelex Xobeh
Okawaru
Qazlal
Ru
Sif Muna
Trog
Uskayaw
Vehumet
Wu Jian
Xom
Yredelemnul

Shops:
D:2 [   D:5 ((

Annotations:
D:11 Gastronok, Grum


Innate Abilities, Weirdness & Mutations

You are mostly covered in sharp spines.
You have an unusually large brain. (Int +2)
Spells you cast may paralyse nearby enemies.
You have a sharp stinger which inflicts weakening toxins.
You are clumsy. (Dex -2)
Your flesh is very heat resistant. (rF++)


Message History

You slash Gastronok!
Gastronok is lightly wounded.
The wolf is struck by your spines. The wolf closely misses you.
The wolf is struck by your spines.
You kill the wolf!
Your Evocations skill increases to level 2!
You slash Gastronok!
Gastronok is lightly wounded.
The wolf is struck by your spines. The wolf bites you but does no damage.
Grum hits you from afar with a +0 spear!!
* * * LOW HITPOINT WARNING * * *
The wolf closely misses you.
You are confused.
You feel invigorated. The wolf is struck by your spines.
The wolf completely misses you. The wolf closely misses you.
Gastronok chants a spell, wobbling all the while.
Gastronok puts on a burst of speed!
Grum hits you from afar with a +0 spear!
* * * LOW HITPOINT WARNING * * *
You fade into invisibility!
The wolf is struck by your spines. The wolf misses you.
The wolf is struck by your spines. The wolf closely misses you.
You miss the wolf.
The wolf is lightly wounded.
The wolf bites you.
* * * LOW HITPOINT WARNING * * *
The wolf completely misses you. Grum closely misses you.
The wolf is struck by your spines.
You kill the wolf!
Grum lets out an intimidating howl.
You see here a wolf corpse.
You feel less invigorated.
You feel less confused. The wolf bites you.
* * * LOW HITPOINT WARNING * * *
You slash the wolf! You tail-slap the wolf.
The wolf looks weaker.
The wolf is almost dead.
The wolf misses you.
Gastronok waves his eye-stalks in wide circles.
You die...

..#### .#....).<....#
...#. .####..........
#.#. ..# #.8...8....
#...##..# ##......###
#......#####.8...#
..###.g.†.......#.##.#
.......wY..# .### .#
##...###. ...#..h..$#
#. .# #.....#.. ..
#..@...# ...>.... #..
######## .....# .... #
...# #....
###.###.....
.#...#.#...#
.))....[...#
.###.~.....#
..........##


You could see Gastronok (swift), Grum (unable to see you), an ice beast (unable
to see you) and a wolf (weak).

Vanquished Creatures
  A two-headed ogre (D:11)
  3 cyclopes
  An unseen horror (D:10)
  Psyche (D:11)
  3 trolls
  2 vampires
  12 yaks
  3 wyverns (D:9)
  A golden eye (D:11)
  A steam dragon (D:7)
  Menkaure (D:4)
  A water moccasin (D:6)
  A sky beast (D:7)
  4 ice beasts
  4 orc warriors
  A black bear (D:7)
  4 wolves (D:11)
  A centaur (D:8)
  2 phantoms (D:4)
  A kobold brigand (D:7)
  6 bullfrogs
  4 scorpions
  9 killer bees
  A howler monkey (D:7)
  A crimson imp (D:3)
  Crazy Yiuf (D:2)
  2 gnoll boudas
  A hound (D:5)
  7 jellies
  3 iron imps (D:9)
  4 orc priests
  Ijyb (D:5)
  5 iguanas
  20 orc wizards
  5 adders
  15 gnolls
  A shadow imp (D:5)
  2 white imps
  An ufetubus (D:4)
  A worm (D:2)
  A dart slug (D:3)
  55 orcs
  8 endoplasms
  3 giant cockroaches
  5 hobgoblins
  2 jackals (D:2)
  8 kobolds
  3 quokkas
  8 ball pythons
  6 bats
  7 frilled lizards
  7 goblins
  A goblin skeleton (D:3)
  A goblin zombie (D:3)
  2 hobgoblin zombies (D:3)
  A kobold skeleton (D:3)
  A kobold zombie (D:3)
  An orc zombie (D:3)
  5 rats
263 creatures vanquished.

Vanquished Creatures (others)
  An ice beast (D:11)
  An orc priest (D:11)
  An orc wizard (D:11)
  3 orcs
  A plant (D:6)
7 creatures vanquished.

Grand Total: 270 creatures vanquished

Notes
Turn   | Place    | Note
-------+----------+-------------------------------------------
     0 | D:1      | IdlyInterested the Demonspawn Gladiator began the quest for
                  | the Orb.
     0 | D:1      | Reached XP level 1. HP: 16/16 MP: 1/1
   186 | D:1      | Gained mutation: You are partially covered in sharp spines.
                  | [demonic ancestry]
   186 | D:1      | Reached XP level 2. HP: 22/22 MP: 2/2
   827 | D:2      | Reached XP level 3. HP: 27/27 MP: 3/3
  1093 | D:2      | Found Zamaoj's Armour Shoppe.
  1184 | D:2      | Reached skill level 3 in Dodging
  1249 | D:2      | Identified the +1 ring mail "Setew" {Dex+5}
  1382 | D:2      | Found a runed translucent door.
  1383 | D:2      | Noticed Crazy Yiuf
  1715 | D:2      | Killed Crazy Yiuf
  1716 | D:2      | Reached skill level 1 in Evocations
  1716 | D:2      | Gained mutation: You have an unusually large brain. (Int
                  | +2) [demonic ancestry]
  1716 | D:2      | Reached XP level 4. HP: 15/33 MP: 4/4
  2400 | D:3      | Reached skill level 1 in Stealth
  2454 | D:3      | Gained mutation: Spells you cast may paralyse adjacent
                  | enemies. [demonic ancestry]
  2454 | D:3      | Reached XP level 5. HP: 38/38 MP: 5/5
  2504 | D:3      | Identified the +4 quarterstaff of Fuifris {protect, rPois
                  | rN+ Dex+3 Stlth+}
  2767 | D:4      | Reached skill level 1 in Armour
  2773 | D:4      | Reached skill level 5 in Long Blades
  2817 | D:4      | Noticed a phantom
  2824 | D:4      | Killed a phantom
  2825 | D:4      | Gained mutation: You have a small tail. [demonic ancestry]
  2825 | D:4      | Reached XP level 6. HP: 44/44 MP: 6/6
  3175 | D:4      | Found an iron altar of Okawaru.
  3258 | D:4      | Reached skill level 1 in Spellcasting
  3262 | D:4      | Reached XP level 7. HP: 22/50 MP: 8/8
  3433 | D:4      | Found an ornate altar of the Wu Jian Council.
  3552 | D:4      | Noticed Menkaure
  3560 | D:4      | Killed Menkaure
  3561 | D:4      | Reached skill level 1 in Short Blades
  3909 | D:5      | Entered Level 5 of the Dungeon
  3966 | D:5      | Found Nepn's Antique Weapon Boutique.
  3979 | D:5      | Found Nesmeptyt's Antique Weapon Shoppe.
  3985 | D:5      | Identified a scroll of acquirement
  3985 | D:5      | Acquired a manual of Dodging
  4455 | D:5      | Gained mutation: Spells you cast may paralyse nearby
                  | enemies. [demonic ancestry]
  4455 | D:5      | Reached XP level 8. HP: 54/56 MP: 11/11
  4610 | D:5      | Found a bloodstained altar of Trog.
  4761 | D:5      | Noticed Ijyb
  4780 | D:5      | Killed Ijyb
  5139 | D:6      | Gained mutation: You are clumsy. (Dex -2) [potion of
                  | mutation]
  5139 | D:6      | Gained mutation: Your flesh is heat resistant. (rF+)
                  | [potion of mutation]
  5139 | D:6      | Gained mutation: Your flesh is very heat resistant. (rF++)
                  | [potion of mutation]
  5148 | D:6      | Found a staircase to the Ecumenical Temple.
  5157 | Temple   | Entered the Ecumenical Temple
  5421 | D:6      | Reached skill level 13 in Dodging
  5421 | D:6      | Gained mutation: You are mostly covered in sharp spines.
                  | [demonic ancestry]
  5421 | D:6      | Reached XP level 9. HP: 61/61 MP: 12/12
  5502 | D:6      | Reached skill level 5 in Short Blades
  5652 | D:6      | Reached skill level 5 in Stealth
  5660 | D:6      | Noticed a cyclops
  5667 | D:6      | Killed a cyclops
  6540 | D:2      | Bought a +2 scale mail of cold resistance for 273 gold
                  | pieces
  7068 | D:7      | Gained mutation: You have a tail ending in a sharp stinger.
                  | [demonic ancestry]
  7068 | D:7      | Reached XP level 10. HP: 64/67 MP: 13/13
  7270 | D:7      | Identified the +3 cloak of Yqeost {+Blink rC- Will- Regen+}
  8158 | D:8      | Noticed a cyclops
  8166 | D:8      | Killed a cyclops
  9525 | D:9      | Found a burning altar of Makhleb.
  9680 | D:10     | Entered Level 10 of the Dungeon
  9794 | D:9      | Gained mutation: You have a sharp stinger which inflicts
                  | weakening toxins. [demonic ancestry]
  9794 | D:9      | Reached XP level 11. HP: 44/77 MP: 15/15
 10923 | D:11     | Noticed a two-headed ogre
 10934 | D:11     | Killed a two-headed ogre
 11124 | D:11     | Noticed Psyche
 11128 | D:11     | HP: 1/77 [wolf (4)]
 11149 | D:11     | Killed Psyche
 11169 | D:11     | Found a staircase to the Lair.
 11450 | D:11     | Noticed Grum
 11450 | D:11     | Noticed Gastronok
 11465 | D:11     | Killed from afar by Gastronok

Illustrated notes

Levels and vault maps discovered:
D:1:      shiori_shiawase, layout_basic, amcnicky_mini_pool_small,
          minmay_pentomino_x2
D:2:      layout_loops_ring, serial_shops, shop, uniq_crazy_yiuf_cottage
D:3:      minmay_door_path, layout_rooms, nicolae_tso_besieged_by_evil
D:4:      layout_loops_corners, hellmonk_okawaru_the_only_friend_you_need,
          mainiacjoe_overflow_surrounded_room, uniq_menkaure
D:5:      minmay_diamond_boxcup, layout_basic, mainiacjoe_overflow_24_doors,
          serial_shops, nicolae_stop_n_shop_2, kennysheep_mini_moat, uniq_ijyb
D:6:      layout_basic, minmay_temple_entry_overgrown, minmay_manual_macuahuitl
D:7:      layout_cave_pods, grunt_ministairs_12, minmay_bent
D:8:      layout_basic
D:9:      layout_basic, mainiacjoe_overflow_alcove_4, demons_altar
D:10:     layout_roguey
D:11:     layout_loops_cross, hellmonk_lair_entry_icy, grunt_ministairs_2,
          uniq_grum, uniq_gastronok, uniq_psyche
Temple:   kb_temple_of_zot

Skill      XL: |  1  2  3  4  5  6  7  8  9 10 11 |
---------------+----------------------------------+-----
Long Blades    | 3 4 5 6 |  6.0
Throwing       | 2 |  2.0
Dodging        | 3 13 | 13.6
Evocations     | 1 2 |  2.1
Stealth        | 1 2 3 4 5 6 8 |  8.9
Armour         | 1 2 |  2.0
Spellcasting   | 1 2 3 4 |  4.0
Short Blades   | 3 4 6 9 |  9.1
Fighting       | 4 |  4.0

Action                     |  1- 3 |  4- 6 |  7- 9 | 10-12 || total
---------------------------+-------+-------+-------+-------++-------
  Melee: Long sword        |    62 |   110 |   143 |    64 ||   379
         Tailslap          |       |     8 |    23 |    61 ||    92
         Punch             |       |     1 |     3 |     3 ||     7
         Scimitar          |       |       |       |   249 ||   249
  Throw: Stone             |     1 |     4 |    16 |    12 ||    33
         Dart              |       |       |     3 |       ||     3
         Javelin           |       |       |     1 |       ||     1
    Use: Scroll            |     8 |     4 |     3 |     7 ||    22
         Potion            |       |     2 |     3 |     5 ||    10
   Stab: Sleeping          |     4 |     3 |    10 |     4 ||    21
         Invisible         |       |       |       |     1 ||     1
 Armour: Leather armour    |    14 |       |       |       ||    14
         Ring mail         |     3 |    41 |    35 |    11 ||    90
         Scale mail        |       |       |       |   102 ||   102
  Dodge: Dodged            |    34 |    82 |    94 |   261 ||   471

Table legend: (Time is in decaauts)
 A = Elapsed time spent in this place.
 B = Non-inter-level travel time spent in this place.
 C = Inter-level travel time spent in this place.
 D = Time resting spent in this place.
 E = Time spent auto-exploring this place.
 F = Levels seen in this place.
 G = Mean time per level.
                   A        B        C        D        E       F      G
               +--------+--------+--------+--------+--------+-----+--------+
         Total |  11507 |   9764 |   1743 |   1326 |   5971 |  12 |  958.9 |
       Dungeon |  11400 |   9672 |   1728 |   1326 |   5891 |  11 | 1036.4 |
        Temple |    106 |     91 |     15 |      0 |     80 |   1 |  106.0 |
               +--------+--------+--------+--------+--------+-----+--------+

Top non-repeatable levels by time:
     D:6: 1432 daAuts
     D:4: 1310 daAuts
     D:7: 1216 daAuts
     D:2: 1214 daAuts
     D:5: 1206 daAuts
    D:10: 1174 daAuts
     D:9: 1113 daAuts
     D:1: 923 daAuts
     D:8: 809 daAuts
     D:3: 696 daAuts
    D:11: 302 daAuts
  Temple: 106 daAuts
